[ AOE2 MATCH · #482145251 ]
UnrankedMongols vs Persians
[ REPLAY ANALYSIS · EXTRACTED FROM THE RECORDED GAME ]
Feudal
11:38
Castle
15:17
Imperial
—
| APM avg | 29.9 |
| APM peak | 56 |
| eAPM avg | 11.1 |
| Villagers / military | 50 / 7 |
Focus
⚔️ 21.7% · 🌾 78.3%
Mangudai ×7
Feudal
13:07
Castle
17:02
Imperial
—
| APM avg | 37.6 |
| APM peak | 99 |
| eAPM avg | 12.6 |
| Villagers / military | 41 / 9 |
Focus
⚔️ 25.4% · 🌾 74.6%
Knight ×7 · Spearman ×2
Feudal
—
Castle
—
Imperial
—
| APM avg | 41.3 |
| APM peak | 107 |
| eAPM avg | 12.0 |
| Villagers / military | 67 / 0 |
Focus
⚔️ 13.4% · 🌾 86.6%
Feudal
11:44
Castle
15:17
Imperial
—
| APM avg | 40.1 |
| APM peak | 55 |
| eAPM avg | 25.9 |
| Villagers / military | 53 / 0 |
Focus
⚔️ 39.0% · 🌾 61.0%
Unknown (1944) ×6
Feudal
10:36
Castle
14:31
Imperial
—
| APM avg | 45.2 |
| APM peak | 100 |
| eAPM avg | 19.3 |
| Villagers / military | 58 / 1 |
Focus
⚔️ 26.8% · 🌾 73.2%
Mangonel ×1
Feudal
10:40
Castle
14:53
Imperial
—
| APM avg | 28.7 |
| APM peak | 54 |
| eAPM avg | 14.0 |
| Villagers / military | 57 / 8 |
Focus
⚔️ 18.9% · 🌾 81.1%
Knight ×7 · Scout Cavalry ×1
Feudal
11:01
Castle
19:04
Imperial
—
| APM avg | 29.9 |
| APM peak | 49 |
| eAPM avg | 13.4 |
| Villagers / military | 34 / 17 |
Focus
⚔️ 32.3% · 🌾 67.7%
Archer ×17
Feudal
11:12
Castle
14:44
Imperial
—
| APM avg | 48.5 |
| APM peak | 96 |
| eAPM avg | 17.7 |
| Villagers / military | 39 / 9 |
Focus
⚔️ 23.3% · 🌾 76.7%
Genoese Crossbowman ×9
Match map
Initial resources + every placement click. Lines = walls · curves = elevation contours. ◆ gold · ⬟ stone · ● berries · ✦ relic · ◌ wall gap
Your base· ✓ Closed at 15:17 · 9t walls · 1 gate(s)
Eric's base· ✓ Closed at 17:02 · 17t walls · 1 gate(s)
Dr Janemba's base· ✓ Closed at 12:44 · 25t walls · 1 gate(s)
KIV.Theo's base· ✓ Closed at 15:17 · 2t walls · 2 gate(s)
oy's base· ✓ Closed at 14:31 · 1t walls · 1 gate(s)
kuaizhihuiwo's base· ✓ Closed at 14:53 · 4t walls · 1 gate(s)
Storm's base· ✓ Closed at 19:04 · 4t walls · 1 gate(s)
曾经沧海难为水's base· ✓ Closed at 14:44 · 8t walls · 2 gate(s)
Smoothed initial terrain · ◌ = detected wall gap · hover for details
Inputs per minute
— Dawidowww - - Eric
Build order — Dawidowww
81 actions detected in the replay
| 0:03 | Create | Villager (Male) |
| 0:03 | Create | Villager (Male) |
| 0:04 | Create | Villager (Male) |
| 0:04 | Create | Villager (Male) |
| 0:07 | Build | House |
| 0:09 | Build | House |
| 1:31 | Create | Villager (Male) |
| 2:18 | Create | Villager (Male) |
| 2:18 | Create | Villager (Male) |
| 2:25 | Build | Lumber Camp |
| 2:48 | Create | Villager (Male) |
| 2:55 | Create | Villager (Male) ×2 |
| 2:55 | Create | Villager (Male) ×2 |
| 3:40 | Build | House |
| 3:48 | Create | Villager (Male) ×3 |
| 4:06 | Create | Villager (Male) ×3 |
| 4:56 | Create | Villager (Male) |
| 5:29 | Build | Palisade Wall |
| 5:39 | Build | Mill |
| 5:48 | Build | House |
| 6:01 | Create | Villager (Male) ×5 |
| 6:40 | Build | House |
| 6:42 | Build | Palisade Wall |
| 6:57 | Create | Villager (Male) ×5 |
| 7:18 | Build | Palisade Wall |
| 7:23 | Build | Palisade Gate |
| 8:20 | Build | Mining Camp |
| 8:42 | Build | House |
| 8:43 | Build | House |
| 8:55 | Build | Mining Camp |
| 9:17 | Research | Feudal Age |
| 10:26 | Create | Villager (Male) |
| 10:26 | Create | Villager (Male) |
| 11:38 | Age | Feudal Age |
| 11:46 | Build | Market |
| 11:49 | Build | Blacksmith |
| 12:37 | Research | Castle Age |
| 12:37 | Research | Castle Age |
| 14:00 | Research | Double-Bit Axe |
| 14:01 | Research | Horse Collar |
| 15:02 | Research | Loom |
| 15:17 | Age | Castle Age |
| 15:26 | Build | House |
| 15:28 | Create | Villager (Male) |
| 15:28 | Create | Villager (Male) |
| 15:29 | Create | Villager (Male) |
| 16:11 | Build | Castle |
| 16:45 | Research | Heavy Plow |
| 16:51 | Create | Villager (Male) |
| 16:51 | Create | Villager (Male) |
| 17:08 | Build | Mill |
| 17:18 | Build | Mining Camp |
| 17:22 | Build | House |
| 17:23 | Build | House |
| 17:25 | Build | House |
| 17:26 | Build | House |
| 17:40 | Create | Villager (Male) |
| 17:44 | Build | Farm |
| 17:45 | Build | Farm |
| 17:46 | Build | Farm |
| 17:47 | Build | Farm |
| 17:59 | Create | Mangudai |
| 17:59 | Create | Mangudai |
| 18:00 | Create | Mangudai |
| 18:00 | Create | Mangudai |
| 18:24 | Create | Mangudai |
| 18:25 | Create | Villager (Male) ×2 |
| 18:25 | Create | Villager (Male) ×2 |
| 18:31 | Build | Farm |
| 18:32 | Build | Farm |
| 19:02 | Create | Mangudai |
| 19:03 | Create | Villager (Male) ×5 |
| 19:36 | Create | Villager (Male) ×2 |
| 19:36 | Create | Villager (Male) ×2 |
| 19:46 | Create | Mangudai |
| 19:55 | Build | House |
| 20:27 | Build | University |
| 20:35 | Build | Farm |
| 20:37 | Build | Farm |
| 20:38 | Build | Farm |
| 20:39 | Build | Farm |
Build order — Eric
90 actions detected in the replay
| 0:03 | Create | Villager (Male) |
| 0:03 | Create | Villager (Male) |
| 0:04 | Create | Villager (Male) |
| 0:32 | Create | Villager (Male) |
| 1:28 | Create | Villager (Male) |
| 2:11 | Create | Villager (Male) |
| 2:34 | Create | Villager (Male) |
| 2:34 | Create | Villager (Male) |
| 2:46 | Build | Lumber Camp |
| 3:20 | Create | Villager (Male) |
| 3:20 | Create | Villager (Male) |
| 3:39 | Create | Villager (Male) |
| 4:11 | Research | Loom |
| 4:32 | Create | Villager (Male) |
| 4:32 | Create | Villager (Male) |
| 4:58 | Create | Villager (Male) |
| 4:58 | Create | Villager (Male) |
| 5:11 | Build | Lumber Camp |
| 5:49 | Build | Palisade Wall |
| 5:52 | Build | Palisade Wall |
| 5:57 | Build | Palisade Gate |
| 5:58 | Create | Villager (Male) |
| 6:17 | Create | Villager (Male) |
| 7:01 | Create | Villager (Male) |
| 7:16 | Create | Villager (Male) |
| 7:17 | Create | Villager (Male) |
| 7:26 | Create | Villager (Male) |
| 7:33 | Build | Mill |
| 8:35 | Create | Villager (Male) |
| 8:44 | Build | Barracks |
| 8:46 | Create | Villager (Male) |
| 8:56 | Build | Farm |
| 9:06 | Build | Farm |
| 9:19 | Build | Farm |
| 9:24 | Create | Villager (Male) |
| 9:24 | Create | Villager (Male) |
| 9:43 | Build | Farm |
| 9:46 | Build | Mining Camp |
| 10:10 | Build | Farm |
| 10:12 | Build | Farm |
| 10:13 | Build | Farm |
| 10:16 | Build | Farm |
| 10:32 | Research | Loom |
| 10:49 | Research | Feudal Age |
| 11:57 | Create | Villager (Male) |
| 11:57 | Create | Villager (Male) |
| 13:07 | Age | Feudal Age |
| 13:16 | Build | Market |
| 13:26 | Build | Blacksmith |
| 13:32 | Build | Stable |
| 13:33 | Build | Stable |
| 13:40 | Create | Villager (Male) |
| 14:07 | Create | Spearman |
| 14:15 | Research | Castle Age |
| 14:29 | Research | Double-Bit Axe |
| 14:47 | Research | Horse Collar |
| 14:50 | Build | Farm |
| 14:54 | Build | Farm |
| 15:11 | Build | Farm |
| 15:24 | Build | Farm |
| 15:34 | Research | Bloodlines |
| 16:11 | Research | Gold Mining |
| 16:14 | Create | Villager (Male) |
| 16:17 | Build | Farm |
| 16:18 | Build | Farm |
| 16:39 | Create | Villager (Male) |
| 17:02 | Age | Castle Age |
| 17:03 | Create | Knight |
| 17:03 | Create | Knight |
| 17:03 | Create | Knight |
| 17:28 | Create | Villager (Male) |
| 17:37 | Create | Villager (Male) |
| 17:40 | Create | Knight |
| 17:51 | Build | Town Center |
| 18:04 | Create | Villager (Male) |
| 18:12 | Create | Villager (Male) |
| 18:17 | Research | Husbandry |
| 18:29 | Research | Bow Saw |
| 18:33 | Create | Spearman |
| 19:12 | Create | Villager (Male) |
| 19:14 | Create | Knight |
| 19:14 | Create | Knight |
| 19:45 | Create | Villager (Male) |
| 19:46 | Create | Villager (Male) |
| 19:46 | Create | Villager (Male) |
| 20:06 | Create | Knight |
| 20:26 | Build | Farm |
| 20:27 | Create | Villager (Male) |
| 20:34 | Create | Villager (Male) |
| 20:34 | Create | Villager (Male) |
Build order — Dr Janemba
118 actions detected in the replay
| 0:04 | Build | House |
| 0:04 | Create | Villager (Male) |
| 0:05 | Create | Villager (Male) |
| 0:05 | Create | Villager (Male) |
| 0:05 | Create | Villager (Male) |
| 0:05 | Create | Villager (Male) |
| 0:06 | Build | House |
| 1:29 | Create | Villager (Male) |
| 1:29 | Create | Villager (Male) |
| 1:29 | Create | Villager (Male) |
| 1:54 | Build | Lumber Camp |
| 2:05 | Create | Villager (Male) |
| 2:05 | Create | Villager (Male) |
| 2:19 | Create | Villager (Male) |
| 2:19 | Create | Villager (Male) |
| 2:19 | Create | Villager (Male) |
| 2:55 | Create | Villager (Male) |
| 2:55 | Create | Villager (Male) |
| 3:09 | Create | Villager (Male) |
| 3:09 | Create | Villager (Male) |
| 3:28 | Build | House |
| 3:28 | Build | House |
| 3:48 | Create | Villager (Male) |
| 3:48 | Create | Villager (Male) |
| 3:48 | Create | Villager (Male) |
| 4:06 | Create | Villager (Male) |
| 4:07 | Create | Villager (Male) |
| 4:07 | Create | Villager (Male) |
| 4:20 | Build | Palisade Wall |
| 4:23 | Build | Palisade Wall |
| 4:29 | Build | Palisade Gate |
| 4:42 | Create | Villager (Male) |
| 4:42 | Create | Villager (Male) |
| 4:42 | Create | Villager (Male) |
| 4:42 | Create | Villager (Male) |
| 5:10 | Create | Villager (Male) |
| 5:10 | Create | Villager (Male) |
| 5:11 | Create | Villager (Male) |
| 5:18 | Build | Mill |
| 5:53 | Create | Villager (Male) |
| 5:54 | Create | Villager (Male) |
| 6:43 | Build | House |
| 6:46 | Create | Villager (Male) |
| 6:46 | Create | Villager (Male) |
| 6:47 | Create | Villager (Male) |
| 6:47 | Create | Villager (Male) |
| 6:47 | Create | Villager (Male) |
| 6:47 | Create | Villager (Male) |
| 7:00 | Build | Mining Camp |
| 7:17 | Build | Palisade Wall |
| 7:22 | Create | Villager (Male) |
| 7:22 | Create | Villager (Male) |
| 7:22 | Create | Villager (Male) |
| 7:22 | Create | Villager (Male) |
| 7:22 | Create | Villager (Male) |
| 7:22 | Create | Villager (Male) |
| 7:36 | Build | Farm |
| 7:37 | Build | Farm |
| 7:38 | Build | Farm |
| 7:57 | Build | Farm |
| 8:00 | Research | Feudal Age |
| 8:23 | Build | Palisade Wall |
| 8:26 | Build | Palisade Wall |
| 9:11 | Build | House |
| 10:06 | Build | Market |
| 10:09 | Create | Villager (Male) |
| 10:09 | Create | Villager (Male) |
| 10:09 | Create | Villager (Male) |
| 10:09 | Create | Villager (Male) |
| 10:13 | Research | Double-Bit Axe |
| 11:12 | Build | Blacksmith |
| 11:29 | Create | Villager (Male) |
| 11:42 | Build | Mining Camp |
| 11:47 | Build | House |
| 12:04 | Create | Villager (Male) |
| 12:44 | Research | Castle Age |
| 13:03 | Build | Farm |
| 13:14 | Build | Farm |
| 13:43 | Research | Wheelbarrow |
| 13:43 | Research | Loom |
| 14:13 | Research | Horse Collar |
| 15:10 | Research | Bow Saw |
| 15:10 | Research | Bow Saw |
| 15:17 | Build | Town Center |
| 15:20 | Create | Villager (Male) |
| 16:17 | Create | Villager (Male) |
| 16:17 | Create | Villager (Male) |
| 16:17 | Create | Villager (Male) |
| 16:29 | Build | Farm |
| 16:29 | Build | Farm |
| 16:29 | Build | Farm |
| 16:29 | Build | Farm |
| 16:33 | Create | Villager (Male) |
| 16:33 | Create | Villager (Male) |
| 16:35 | Create | Villager (Male) |
| 16:58 | Build | Outpost |
| 17:01 | Research | Town Watch |
| 17:04 | Build | Farm |
| 17:16 | Create | Villager (Male) |
| 17:16 | Create | Villager (Male) |
| 17:26 | Build | Farm |
| 17:46 | Create | Villager (Male) |
| 17:52 | Build | House |
| 17:54 | Create | Villager (Male) |
| 17:56 | Build | Farm |
| 18:17 | Build | Castle |
| 18:20 | Create | Villager (Male) |
| 18:20 | Create | Villager (Male) |
| 18:21 | Create | Villager (Male) |
| 18:21 | Create | Villager (Male) |
| 18:32 | Create | Villager (Male) |
| 18:35 | Build | Farm |
| 18:50 | Create | Villager (Male) |
| 18:53 | Build | Farm |
| 18:56 | Build | Farm |
| 19:28 | Build | House |
| 19:32 | Build | House |
| 19:37 | Build | House |
Build order — KIV.Theo
116 actions detected in the replay
| 0:02 | Build | House |
| 0:03 | Build | House |
| 0:07 | Create | Villager (Male) |
| 0:08 | Create | Villager (Male) |
| 0:08 | Create | Villager (Male) |
| 0:08 | Create | Villager (Male) |
| 1:35 | Create | Villager (Male) |
| 1:50 | Build | Lumber Camp |
| 2:27 | Create | Villager (Male) |
| 2:28 | Create | Villager (Male) |
| 3:04 | Create | Villager (Male) |
| 3:04 | Create | Villager (Male) |
| 3:43 | Create | Villager (Male) |
| 3:58 | Create | Villager (Male) |
| 4:10 | Build | House |
| 4:11 | Build | House |
| 4:24 | Create | Villager (Male) |
| 4:43 | Create | Villager (Male) |
| 4:43 | Create | Villager (Male) |
| 4:58 | Create | Villager (Male) |
| 5:04 | Create | Villager (Male) |
| 5:08 | Build | Mill |
| 5:14 | Create | Villager (Male) |
| 6:03 | Create | Villager (Male) |
| 6:05 | Create | Villager (Male) |
| 6:22 | Create | Villager (Male) |
| 6:35 | Create | Villager (Male) |
| 6:44 | Create | Villager (Male) |
| 7:06 | Build | Lumber Camp |
| 8:21 | Build | House |
| 8:44 | Create | Villager (Male) |
| 8:44 | Create | Villager (Male) |
| 9:07 | Research | Feudal Age |
| 9:18 | Build | Mining Camp |
| 9:45 | Build | Barracks |
| 9:49 | Create | Villager (Male) |
| 9:50 | Create | Villager (Male) |
| 11:14 | Build | House |
| 11:44 | Age | Feudal Age |
| 11:45 | Build | Blacksmith |
| 11:47 | Build | Stable |
| 11:57 | Build | Palisade Gate |
| 11:58 | Build | Palisade Wall |
| 12:23 | Research | Horse Collar |
| 12:33 | Build | House |
| 12:36 | Build | Palisade Gate |
| 12:37 | Research | Castle Age |
| 12:37 | Research | Castle Age |
| 12:47 | Research | Double-Bit Axe |
| 12:50 | Build | Farm |
| 12:51 | Build | Farm |
| 12:53 | Build | Farm |
| 13:03 | Build | Farm |
| 13:24 | Build | Farm |
| 13:32 | Build | Farm |
| 13:35 | Build | Farm |
| 13:37 | Build | Farm |
| 13:56 | Build | Farm |
| 14:10 | Create | Villager (Male) |
| 14:25 | Build | House |
| 15:17 | Age | Castle Age |
| 15:19 | Create | Unit 1944 |
| 15:19 | Create | Unit 1944 |
| 15:20 | Create | Villager (Male) |
| 15:21 | Research | Bow Saw |
| 15:21 | Research | Bow Saw |
| 15:32 | Build | Town Center |
| 15:42 | Research | Scale Barding Armor |
| 15:43 | Create | Villager (Male) |
| 15:46 | Build | Farm |
| 16:14 | Build | Farm |
| 16:17 | Create | Villager (Male) |
| 16:27 | Create | Unit 1944 |
| 16:33 | Create | Villager (Male) |
| 16:34 | Build | Farm |
| 16:49 | Create | Unit 1944 |
| 16:50 | Create | Villager (Male) |
| 16:52 | Build | Farm |
| 17:29 | Create | Unit 1944 |
| 17:30 | Create | Villager (Male) |
| 17:30 | Create | Villager (Male) |
| 17:32 | Build | Farm |
| 17:34 | Build | Farm |
| 17:38 | Build | Farm |
| 17:56 | Create | Villager (Male) |
| 17:56 | Create | Villager (Male) |
| 17:57 | Create | Villager (Male) |
| 17:57 | Create | Villager (Male) |
| 18:35 | Create | Villager (Male) |
| 18:37 | Build | Farm |
| 18:41 | Build | Town Center |
| 18:42 | Create | Villager (Male) |
| 18:42 | Create | Villager (Male) |
| 18:45 | Build | Farm |
| 19:02 | Build | Farm |
| 19:21 | Create | Unit 1944 |
| 19:22 | Create | Villager (Male) |
| 19:22 | Create | Villager (Male) |
| 19:24 | Create | Villager (Male) |
| 19:24 | Create | Villager (Male) |
| 19:26 | Build | Farm |
| 19:28 | Build | Farm |
| 19:31 | Create | Villager (Male) |
| 19:31 | Create | Villager (Male) |
| 19:51 | Build | House |
| 19:54 | Build | House |
| 19:55 | Build | House |
| 19:58 | Build | House |
| 20:03 | Create | Villager (Male) |
| 20:03 | Create | Villager (Male) |
| 20:07 | Create | Villager (Male) |
| 20:07 | Create | Villager (Male) |
| 20:07 | Create | Villager (Male) |
| 20:07 | Create | Villager (Male) |
| 20:14 | Research | Wheelbarrow |
| 20:14 | Research | Wheelbarrow |
Build order — oy
108 actions detected in the replay
| 0:01 | Create | Villager (Male) |
| 0:01 | Create | Villager (Male) |
| 0:02 | Create | Villager (Male) |
| 0:03 | Build | House |
| 0:04 | Build | House |
| 0:15 | Create | Villager (Male) |
| 0:15 | Create | Villager (Male) |
| 1:26 | Create | Villager (Male) |
| 1:27 | Create | Villager (Male) |
| 1:44 | Build | Lumber Camp |
| 1:48 | Create | Villager (Male) |
| 2:03 | Create | Villager (Male) |
| 2:03 | Create | Villager (Male) |
| 2:28 | Create | Villager (Male) |
| 2:29 | Create | Villager (Male) |
| 2:46 | Create | Villager (Male) |
| 2:47 | Create | Villager (Male) |
| 2:56 | Build | House |
| 2:57 | Build | House |
| 3:24 | Create | Villager (Male) |
| 3:29 | Create | Villager (Male) |
| 4:24 | Create | Villager (Male) |
| 4:58 | Create | Villager (Male) |
| 5:09 | Create | Villager (Male) |
| 5:28 | Create | Villager (Male) |
| 5:34 | Build | Mill |
| 5:54 | Create | Villager (Male) |
| 5:59 | Create | Villager (Male) |
| 6:40 | Build | House |
| 7:03 | Create | Villager (Male) |
| 7:18 | Build | Palisade Gate |
| 7:28 | Create | Villager (Male) |
| 7:41 | Create | Villager (Male) |
| 7:57 | Build | House |
| 8:01 | Build | Palisade Wall |
| 8:13 | Build | Mining Camp |
| 8:26 | Research | Feudal Age |
| 9:58 | Create | Villager (Male) |
| 10:00 | Create | Villager (Male) |
| 10:36 | Age | Feudal Age |
| 10:47 | Build | Market |
| 10:55 | Build | Blacksmith |
| 11:22 | Create | Villager (Male) |
| 11:34 | Research | Double-Bit Axe |
| 11:43 | Research | Castle Age |
| 13:00 | Create | Villager (Male) |
| 14:05 | Create | Villager (Male) |
| 14:31 | Age | Castle Age |
| 14:33 | Build | Town Center |
| 14:37 | Build | Town Center |
| 14:41 | Research | Horse Collar |
| 14:47 | Build | Farm |
| 14:48 | Build | Farm |
| 14:49 | Build | Farm |
| 14:51 | Build | Farm |
| 14:51 | Build | Farm |
| 15:01 | Build | Farm |
| 15:02 | Create | Villager (Male) |
| 15:05 | Build | Farm |
| 15:08 | Create | Villager (Male) |
| 15:24 | Build | Farm |
| 15:25 | Build | Farm |
| 15:50 | Create | Villager (Male) |
| 15:51 | Create | Villager (Male) |
| 15:54 | Build | Farm |
| 15:57 | Create | Villager (Male) |
| 16:00 | Create | Villager (Male) |
| 16:03 | Create | Villager (Male) |
| 16:12 | Build | Farm |
| 16:13 | Build | Farm |
| 16:14 | Create | Villager (Male) |
| 16:17 | Build | Farm |
| 16:21 | Build | Farm |
| 16:31 | Create | Villager (Male) |
| 16:45 | Create | Villager (Male) |
| 16:45 | Create | Villager (Male) |
| 16:45 | Create | Villager (Male) |
| 16:55 | Build | Farm |
| 16:56 | Build | Farm |
| 17:06 | Build | Siege Workshop |
| 17:07 | Create | Villager (Male) |
| 17:15 | Create | Villager (Male) |
| 17:24 | Create | Villager (Male) |
| 17:24 | Create | Villager (Male) |
| 17:37 | Build | Gate |
| 17:49 | Create | Villager (Male) |
| 17:52 | Build | House |
| 17:55 | Create | Villager (Male) |
| 18:00 | Create | Mangonel |
| 18:01 | Create | Villager (Male) |
| 18:18 | Build | Stone Wall |
| 18:20 | Create | Villager (Male) |
| 18:27 | Create | Villager (Male) |
| 18:34 | Research | Loom |
| 18:39 | Build | Watch Tower |
| 18:43 | Create | Villager (Male) |
| 18:50 | Build | House |
| 19:18 | Create | Villager (Male) |
| 19:26 | Research | Fletching |
| 19:26 | Research | Fletching |
| 19:40 | Create | Villager (Male) |
| 19:43 | Build | House |
| 19:49 | Create | Villager (Male) |
| 20:00 | Create | Villager (Male) |
| 20:18 | Build | House |
| 20:19 | Build | House |
| 20:21 | Create | Villager (Male) |
| 20:31 | Create | Villager (Male) |
Build order — kuaizhihuiwo
122 actions detected in the replay
| 0:02 | Create | Villager (Male) |
| 0:02 | Create | Villager (Male) |
| 0:03 | Build | House |
| 0:05 | Build | House |
| 0:13 | Create | Villager (Male) |
| 0:17 | Create | Villager (Male) |
| 0:18 | Create | Villager (Male) |
| 1:44 | Create | Villager (Male) |
| 1:44 | Create | Villager (Male) |
| 2:01 | Create | Villager (Male) |
| 2:01 | Create | Villager (Male) |
| 2:04 | Build | Lumber Camp |
| 2:22 | Build | House |
| 2:24 | Build | House |
| 2:37 | Research | Loom |
| 2:38 | Research | Loom |
| 2:40 | Create | Villager (Male) |
| 2:40 | Create | Villager (Male) |
| 3:02 | Create | Villager (Male) |
| 3:02 | Create | Villager (Male) |
| 3:08 | Create | Villager (Male) |
| 3:08 | Create | Villager (Male) |
| 3:19 | Create | Villager (Male) |
| 3:20 | Create | Villager (Male) |
| 4:00 | Create | Villager (Male) |
| 4:00 | Create | Villager (Male) |
| 4:28 | Build | Mill |
| 4:40 | Build | House |
| 4:52 | Create | Villager (Male) |
| 4:53 | Create | Villager (Male) |
| 4:53 | Create | Villager (Male) |
| 5:02 | Build | House |
| 5:33 | Create | Villager (Male) |
| 5:33 | Create | Villager (Male) |
| 5:34 | Create | Villager (Male) |
| 5:49 | Build | House |
| 6:23 | Build | House |
| 6:34 | Create | Villager (Male) |
| 6:39 | Create | Villager (Male) |
| 6:48 | Build | House |
| 7:07 | Build | Palisade Wall |
| 7:09 | Build | Palisade Gate |
| 7:12 | Build | House |
| 8:05 | Create | Villager (Male) |
| 8:08 | Build | Mining Camp |
| 8:12 | Build | Mining Camp |
| 8:21 | Research | Feudal Age |
| 8:22 | Research | Feudal Age |
| 9:27 | Build | Barracks |
| 9:56 | Create | Villager (Male) |
| 9:57 | Create | Villager (Male) |
| 10:18 | Create | Villager (Male) |
| 10:40 | Age | Feudal Age |
| 10:42 | Build | Stable |
| 11:01 | Build | Blacksmith |
| 12:13 | Research | Castle Age |
| 12:13 | Research | Castle Age |
| 12:26 | Build | Farm |
| 12:32 | Build | Farm |
| 12:55 | Research | Double-Bit Axe |
| 12:55 | Research | Double-Bit Axe |
| 13:17 | Build | Farm |
| 13:22 | Build | Farm |
| 13:25 | Build | Farm |
| 13:52 | Create | Villager (Male) |
| 14:09 | Build | Farm |
| 14:24 | Build | Farm |
| 14:53 | Age | Castle Age |
| 14:56 | Build | Town Center |
| 14:57 | Create | Villager (Male) |
| 14:58 | Create | Scout Cavalry |
| 15:00 | Create | Knight |
| 15:01 | Create | Knight |
| 15:08 | Research | Bow Saw |
| 15:21 | Create | Knight |
| 15:21 | Create | Villager (Male) |
| 15:37 | Research | Scale Barding Armor |
| 15:38 | Research | Scale Barding Armor |
| 15:46 | Build | Farm |
| 15:49 | Create | Knight |
| 15:54 | Create | Villager (Male) |
| 16:02 | Build | Farm |
| 16:10 | Build | Farm |
| 16:12 | Create | Villager (Male) |
| 16:22 | Build | Farm |
| 16:25 | Build | Farm |
| 16:28 | Create | Villager (Male) |
| 16:31 | Build | Farm |
| 16:41 | Build | Farm |
| 16:44 | Create | Villager (Male) |
| 16:48 | Build | Farm |
| 16:50 | Create | Villager (Male) |
| 17:14 | Create | Villager (Male) |
| 17:14 | Create | Villager (Male) |
| 17:17 | Create | Villager (Male) |
| 17:20 | Create | Villager (Male) |
| 17:20 | Create | Villager (Male) |
| 17:22 | Create | Villager (Male) |
| 17:22 | Create | Villager (Male) |
| 17:30 | Build | Town Center |
| 17:34 | Build | Farm |
| 17:36 | Create | Villager (Male) |
| 17:40 | Build | Farm |
| 17:54 | Create | Villager (Male) |
| 17:54 | Create | Villager (Male) |
| 17:54 | Create | Villager (Male) |
| 18:21 | Create | Knight |
| 18:23 | Create | Villager (Male) |
| 18:25 | Build | Farm |
| 18:27 | Create | Villager (Male) |
| 18:28 | Create | Villager (Male) |
| 18:37 | Create | Knight |
| 18:43 | Build | Lumber Camp |
| 18:47 | Build | Farm |
| 18:49 | Build | Farm |
| 18:52 | Build | Farm |
| 18:55 | Build | Farm |
| 18:57 | Create | Villager (Male) |
| 18:58 | Create | Villager (Male) |
| 18:59 | Create | Villager (Male) |
| 18:59 | Create | Villager (Male) |
| 19:16 | Create | Knight |
Build order — Storm
94 actions detected in the replay
| 0:03 | Create | Villager (Male) |
| 0:03 | Create | Villager (Male) |
| 0:05 | Build | House |
| 0:07 | Build | House |
| 0:37 | Create | Villager (Male) |
| 1:06 | Create | Villager (Male) |
| 1:32 | Create | Villager (Male) |
| 1:52 | Build | Lumber Camp |
| 2:11 | Create | Villager (Male) |
| 2:24 | Create | Villager (Male) |
| 2:41 | Build | House |
| 2:53 | Create | Villager (Male) |
| 3:28 | Create | Villager (Male) |
| 3:48 | Create | Villager (Male) |
| 4:11 | Create | Villager (Male) |
| 4:26 | Build | Mill |
| 4:32 | Build | House |
| 4:46 | Create | Villager (Male) |
| 5:10 | Create | Villager (Male) |
| 5:19 | Build | House |
| 5:41 | Create | Villager (Male) |
| 6:10 | Create | Villager (Male) |
| 6:28 | Create | Villager (Male) |
| 6:29 | Create | Villager (Male) |
| 6:55 | Create | Villager (Male) |
| 6:55 | Research | Loom |
| 7:05 | Build | Barracks |
| 7:07 | Build | House |
| 7:16 | Build | Palisade Wall |
| 7:16 | Build | Palisade Wall |
| 7:17 | Build | Palisade Wall |
| 7:17 | Build | Palisade Wall |
| 7:40 | Build | Palisade Gate |
| 8:21 | Create | Villager (Male) |
| 8:51 | Research | Feudal Age |
| 10:44 | Create | Villager (Male) |
| 11:01 | Age | Feudal Age |
| 11:29 | Create | Villager (Male) |
| 11:32 | Research | Double-Bit Axe |
| 11:39 | Build | Archery Range |
| 12:03 | Create | Villager (Male) |
| 12:04 | Create | Villager (Male) |
| 12:14 | Build | Blacksmith |
| 12:22 | Create | Archer |
| 12:22 | Create | Archer |
| 12:22 | Create | Archer |
| 12:23 | Create | Villager (Male) |
| 12:33 | Build | Mining Camp |
| 12:53 | Create | Villager (Male) |
| 12:59 | Research | Horse Collar |
| 13:12 | Build | Archery Range |
| 13:16 | Build | Farm |
| 13:17 | Build | Farm |
| 13:21 | Create | Villager (Male) |
| 13:43 | Research | Fletching |
| 13:46 | Create | Villager (Male) |
| 13:56 | Create | Villager (Male) |
| 14:06 | Build | Farm |
| 14:07 | Build | Farm |
| 14:24 | Create | Villager (Male) |
| 14:27 | Create | Archer |
| 14:39 | Build | Farm |
| 15:02 | Build | House |
| 15:04 | Build | House |
| 15:12 | Build | Farm |
| 15:40 | Build | Farm |
| 16:16 | Create | Archer |
| 16:17 | Create | Archer |
| 16:24 | Research | Castle Age |
| 16:53 | Create | Archer |
| 17:02 | Build | Farm |
| 17:05 | Create | Archer |
| 17:25 | Build | Farm |
| 17:27 | Build | Farm |
| 17:28 | Build | Farm |
| 17:30 | Build | Farm |
| 17:31 | Build | Farm |
| 17:34 | Build | Farm |
| 17:35 | Create | Villager (Male) |
| 17:41 | Create | Archer ×2 |
| 17:43 | Research | Padded Archer Armor |
| 18:03 | Create | Archer |
| 18:04 | Create | Villager (Male) |
| 18:08 | Research | Wheelbarrow |
| 18:39 | Create | Villager (Male) |
| 18:42 | Create | Archer ×2 |
| 19:02 | Create | Villager (Male) |
| 19:04 | Age | Castle Age |
| 19:10 | Research | Crossbowman (upgrade) |
| 19:16 | Build | House |
| 19:17 | Build | House |
| 19:48 | Research | Bodkin Arrow |
| 20:30 | Create | Archer ×4 |
| 20:43 | Create | Villager (Male) |
Build order — 曾经沧海难为水
97 actions detected in the replay
| 0:03 | Create | Villager (Male) |
| 0:03 | Create | Villager (Male) |
| 0:04 | Create | Villager (Male) |
| 0:04 | Create | Villager (Male) |
| 0:12 | Build | House |
| 0:36 | Build | House |
| 1:16 | Build | House |
| 1:22 | Build | House |
| 2:08 | Create | Villager (Male) |
| 2:08 | Create | Villager (Male) |
| 2:12 | Build | House |
| 2:48 | Build | Palisade Wall |
| 2:58 | Build | Palisade Gate |
| 3:10 | Create | Villager (Male) |
| 3:10 | Create | Villager (Male) |
| 3:11 | Create | Villager (Male) |
| 3:11 | Create | Villager (Male) |
| 3:11 | Create | Villager (Male) |
| 4:15 | Create | Villager (Male) |
| 4:15 | Create | Villager (Male) |
| 4:15 | Create | Villager (Male) |
| 4:57 | Build | Lumber Camp |
| 5:17 | Create | Villager (Male) |
| 5:17 | Create | Villager (Male) |
| 5:17 | Create | Villager (Male) |
| 5:17 | Create | Villager (Male) |
| 6:16 | Build | Mill |
| 6:26 | Create | Villager (Male) |
| 6:26 | Create | Villager (Male) |
| 6:26 | Create | Villager (Male) |
| 7:20 | Create | Villager (Male) |
| 7:39 | Create | Villager (Male) |
| 7:43 | Create | Villager (Male) |
| 7:46 | Create | Villager (Male) |
| 8:16 | Build | Mining Camp |
| 9:00 | Research | Feudal Age |
| 9:00 | Research | Feudal Age |
| 9:45 | Build | Palisade Gate |
| 11:01 | Create | Villager (Male) |
| 11:02 | Create | Villager (Male) |
| 11:12 | Age | Feudal Age |
| 11:16 | Build | Market |
| 11:18 | Build | Blacksmith |
| 11:40 | Build | Mining Camp |
| 12:04 | Research | Castle Age |
| 12:05 | Research | Castle Age |
| 12:05 | Research | Castle Age |
| 13:14 | Research | Double-Bit Axe |
| 13:49 | Build | Lumber Camp |
| 14:14 | Research | Loom |
| 14:14 | Research | Loom |
| 14:31 | Build | House |
| 14:34 | Build | House |
| 14:44 | Age | Castle Age |
| 14:47 | Build | Gate |
| 14:53 | Build | Stone Wall |
| 14:54 | Build | Stone Wall |
| 15:09 | Create | Villager (Male) |
| 15:09 | Create | Villager (Male) |
| 15:28 | Create | Villager (Male) |
| 15:57 | Build | Castle |
| 16:26 | Research | Loom |
| 16:26 | Research | Loom |
| 17:14 | Build | Farm |
| 17:14 | Build | Farm |
| 17:14 | Build | Farm |
| 17:15 | Build | Farm |
| 17:15 | Build | Farm |
| 17:15 | Build | Farm |
| 17:15 | Build | Farm |
| 17:17 | Create | Villager (Male) |
| 17:18 | Create | Villager (Male) |
| 17:18 | Create | Villager (Male) |
| 17:41 | Create | Genoese Crossbowman |
| 17:54 | Create | Genoese Crossbowman |
| 18:11 | Create | Genoese Crossbowman |
| 18:17 | Build | Farm |
| 18:20 | Build | Farm |
| 18:20 | Research | Horse Collar |
| 18:32 | Create | Genoese Crossbowman |
| 18:37 | Create | Genoese Crossbowman |
| 18:44 | Build | Farm |
| 18:45 | Create | Villager (Male) |
| 19:06 | Create | Genoese Crossbowman |
| 19:07 | Create | Villager (Male) |
| 19:07 | Create | Villager (Male) |
| 19:38 | Create | Genoese Crossbowman |
| 19:40 | Create | Villager (Male) |
| 19:40 | Create | Villager (Male) |
| 19:43 | Build | Farm |
| 19:45 | Build | Farm |
| 19:52 | Create | Genoese Crossbowman |
| 19:54 | Create | Villager (Male) |
| 20:04 | Build | Farm |
| 20:13 | Create | Genoese Crossbowman |
| 20:30 | Research | Fletching |
| 20:30 | Research | Padded Archer Armor |
Match timeline
| 2:48 | 曾经沧海难为水 · wall_segment Palisade Wall x8 |
| 4:20 | Dr Janemba · wall_segment Palisade Wall x8 |
| 4:23 | Dr Janemba · wall_segment Palisade Wall x5 |
| 5:29 | Dawidowww · wall_segment Palisade Wall x2 |
| 5:49 | Eric · wall_segment Palisade Wall x7 |
| 5:52 | Eric · wall_segment Palisade Wall x10 |
| 6:42 | Dawidowww · wall_segment Palisade Wall x2 |
| 7:05 | Storm · first_building Barracks |
| 7:07 | kuaizhihuiwo · wall_segment Palisade Wall x4 |
| 7:16 | Storm · wall_segment Palisade Wall x1 |
| 7:16 | Storm · wall_segment Palisade Wall x1 |
| 7:17 | Storm · wall_segment Palisade Wall x1 |
| 7:17 | Storm · wall_segment Palisade Wall x1 |
| 7:17 | Dr Janemba · wall_segment Palisade Wall x6 |
| 7:18 | Dawidowww · wall_segment Palisade Wall x5 |
| 8:01 | oy · wall_segment Palisade Wall x1 |
| 8:23 | Dr Janemba · wall_segment Palisade Wall x5 |
| 8:26 | Dr Janemba · wall_segment Palisade Wall x1 |
| 8:44 | Eric · first_building Barracks |
| 9:27 | kuaizhihuiwo · first_building Barracks |
| 9:45 | KIV.Theo · first_building Barracks |
| 10:36 | oy · age_up feudal |
| 10:40 | kuaizhihuiwo · age_up feudal |
| 10:42 | kuaizhihuiwo · first_building Stable |
| 11:01 | Storm · age_up feudal |
| 11:12 | 曾经沧海难为水 · age_up feudal |
| 11:38 | Dawidowww · age_up feudal |
| 11:39 | Storm · first_building Archery Range |
| 11:44 | KIV.Theo · age_up feudal |
| 11:47 | KIV.Theo · first_building Stable |
| 11:58 | KIV.Theo · wall_segment Palisade Wall x2 |
| 12:08 | Dr Janemba · first_market_buy 100 food |
| 12:15 | Dr Janemba · first_market_sell 100 wood |
| 13:07 | Eric · age_up feudal |
| 13:32 | Eric · first_building Stable |
| 14:31 | oy · age_up castle |
| 14:44 | 曾经沧海难为水 · age_up castle |
| 14:53 | kuaizhihuiwo · age_up castle |
| 14:53 | 曾经沧海难为水 · wall_segment Stone Wall x1 |
| 14:54 | 曾经沧海难为水 · wall_segment Stone Wall x1 |
| 15:12 | 曾经沧海难为水 · first_market_buy 100 stone |
| 15:17 | KIV.Theo · age_up castle |
| 15:17 | Dawidowww · age_up castle |
| 15:57 | 曾经沧海难为水 · first_building Castle |
| 16:06 | Dawidowww · first_market_buy 100 stone |
| 16:11 | Dawidowww · first_building Castle |
| 17:02 | Eric · age_up castle |
| 17:06 | oy · first_building Siege Workshop |
| 17:51 | 曾经沧海难为水 · first_market_sell 100 wood |
| 18:17 | Dr Janemba · first_building Castle |
| 18:18 | oy · wall_segment Stone Wall x3 |
| 19:04 | Storm · age_up castle |
| 19:31 | kuaizhihuiwo · resign |
| 20:24 | Eric · first_market_buy 100 wood |
[ AI ANALYSIS · 1 CREDIT ]
What really happened in this match?
Wolo.gg analyzes every decision: build order, eco, micro, common mistakes by bracket. Personalized analysis on WhatsApp or Discord in 30 seconds.
Civ guide
Mongols
Perfil
Jugador #229953